 Dungeon Crawl Stone Soup version 0.20.1-1-g8b1a95d (webtiles) character file.

231 Saithnar the Conjurer (level 5, -3/28 HPs)
             Began as a Deep Elf Conjurer on Aug 19, 2017.
             Slain by an orc warrior
             ... wielding a +0 scimitar
              (9 damage)
             ... on level 4 of the Dungeon.
             The game lasted 00:20:37 (4158 turns).

Saithnar the Conjurer (Deep Elf Conjurer)           Turns: 4158, Time: 00:20:38

Health: -3/28      AC:  2    Str:  4 (5)  XL:     5   Next: 72%
Magic:  14/23      EV: 13    Int: 19 (21) God:
Gold:   296        SH:  0    Dex: 15      Spells: 1/14 levels left

rFire    . . .     SeeInvis .   (no weapon)
rCold    . . .     Gourm    .   (no shield)
rNeg     . . .     Faith    .   k - +0 robe {Archmagi}
rPois    .         Spirit   .   (no helmet)
rElec    .         Reflect  .   (no cloak)
rCorr    .         Harm     .   (no gloves)
MR       .....                  (no boots)
Stlth    ++........             (no amulet)
Regen    0.1/turn               g - ring of magical power
MPRegen  0.2/turn               (no ring)

@: very slightly contaminated
A: no striking features
a: no special abilities


You were on level 4 of the Dungeon.
You were not hungry.

You visited 1 branch of the dungeon, and saw 4 of its levels.

You collected 296 gold pieces.

Inventory:

Hand Weapons
 p - a +3 dagger of venom
Armour
 a - a +1 robe
 j - a +0 robe
 k - a +0 robe of the Archmagi (worn)
 l - a +0 robe
 n - a +0 pair of gloves
 q - a +0 robe
 u - a +0 robe
Jewellery
 g - a ring of magical power (left hand)
Scrolls
 d - 2 scrolls of identify
 e - a scroll of fog
 h - a scroll of remove curse
 i - a scroll of amnesia
 o - a scroll of recharging
 s - 3 scrolls of enchant weapon
 w - 2 scrolls of teleportation
 y - a scroll of enchant armour
Potions
 c - a potion of cancellation {unknown}
 m - 3 potions of haste
 r - a potion of flight
 v - a potion of lignification
Books
 b - a book of Conjurations

   Spells                             Type                      Level
   a - Magic Dart                     Conjuration                  1
   b - Searing Ray                    Conjuration                  2
   c - Dazzling Spray                 Conjuration/Hexes            3
   d - Fulminant Prism                Conjuration/Hexes            4
   e - Force Lance                    Conjuration/Translocation    4
   f - Iskenderun's Mystic Blast      Conjuration                  4
 f - a book of Minor Magic

   Spells                             Type                      Level
   a - Magic Dart                     Conjuration                  1
   b - Blink                          Translocation                2
   c - Call Imp                       Summoning                    2
   d - Slow                           Hexes                        2
   e - Conjure Flame                  Conjuration/Fire             3
   f - Mephitic Cloud                 Conjuration/Poison/Air       3
Comestibles
 t - a bread ration
 x - 3 fruits
 z - 2 royal jellies
 A - a chunk of flesh


   Skills:
 + Level 3.2 Dodging
 + Level 3.4 Stealth
 + Level 5.2 Spellcasting
 + Level 6.0 Conjurations
 + Level 0.6 Hexes


You had one spell level left.
You knew the following spells:

 Your Spells              Type           Power        Failure   Level  Hunger
a - Magic Dart            Conj           ####         1%          1    None
b - Searing Ray           Conj           #####.       1%          2    #......
c - Dazzling Spray        Conj/Hex       ####..       9%          3    ##.....
d - Slow                  Hex            ##......     14%         2    #......
e - Blink                 Tloc           N/A          19%         2    #......
f - Mephitic Cloud        Conj/Pois/Air  ###.....     16%         3    ##.....


Dungeon Overview and Level Annotations

Branches:
Dungeon (4/15)
 Temple: D:4-7

Altars:
Elyvilon

Annotations:
D:3 Sigmund
D:4 Blork the orc


Message History

The adder is lightly wounded.
The adder barely misses you.
Casting: Magic Dart
Confirm with . or Enter, or press ? or * to list all spells.
Aiming: Magic Dart
Press: ? - help, Shift-Dir - straight line, f/p - adder
Aim: an adder (lightly wounded)
You feel a surge of power!
The magic dart hits the adder.
The adder is moderately wounded.
The adder bites you but does no damage.
Casting: Magic Dart
Confirm with . or Enter, or press ? or * to list all spells.
Aiming: Magic Dart
Press: ? - help, Shift-Dir - straight line, f/p - adder
Aim: an adder (moderately wounded)
You feel a surge of power!
The magic dart hits the adder.
The adder is heavily wounded.
The adder misses you.
The orc warrior hits you with a scimitar!
You die...

######## ......#
..... .### .(.
.... #S# #.##
#@### #...#######
#.o.####.#....#...
###....#.##...#.#
####...##.รท...##
#####...........
#(..............
###.......#...#...
..............#...
..........#...###.


You could see an orc warrior and an adder.

Vanquished Creatures
  An orc priest (D:3)
  An orc wizard (D:3)
  4 gnolls (D:2)
  6 adders
  An adder skeleton (D:4)
  2 worms (D:2)
  A dart slug (D:1)
  3 leopard geckos
  3 orcs (D:3)
  2 giant cockroaches
  3 goblins
  6 hobgoblins
  4 jackals
  11 kobolds
  2 quokkas
  2 ball pythons
  7 bats
  A jackal skeleton (D:4)
  8 rats
68 creatures vanquished.

Notes
Turn   | Place    | Note
-------+----------+-------------------------------------------
     0 | D:1      | Saithnar the Deep Elf Conjurer began the quest for the Orb.
     0 | D:1      | Reached XP level 1. HP: 10/10 MP: 6/6
   598 | D:1      | Reached XP level 2. HP: 15/15 MP: 5/8
  1073 | D:2      | Reached skill level 5 in Conjurations
  1073 | D:2      | Reached XP level 3. HP: 19/19 MP: 9/9
  1077 | D:2      | Learned a level 2 spell: Searing Ray
  1081 | D:2      | Learned a level 3 spell: Dazzling Spray
  1749 | D:2      | Reached XP level 4. HP: 24/24 MP: 12/12
  2060 | D:2      | Found a white marble altar of Elyvilon.
  2634 | D:3      | Learned a level 2 spell: Slow
  2752 | D:3      | Noticed Sigmund
  3019 | D:3      | Learned a level 2 spell: Blink
  3170 | D:3      | Reached XP level 5. HP: 28/28 MP: 13/13
  3200 | D:3      | Reached skill level 6 in Conjurations
  3481 | D:4      | Noticed Blork the orc
  3484 | D:4      | Noticed an orc warrior
  3861 | D:4      | Reached skill level 5 in Spellcasting
  3885 | D:4      | Learned a level 3 spell: Mephitic Cloud
  4158 | D:4      | Slain by an orc warrior

Skill      XL: |  1  2  3  4  5 |
---------------+----------------+-----
Conjurations   | 5 6 |  6.0
Spellcasting   | 4 5 |  5.2
Dodging        | 3 |  3.2
Stealth        | 3 |  3.4
Hexes          | |  0.6

Action                   |  1- 3 |  4- 6 || total
-------------------------+-------+-------++-------
 Cast: Magic Dart        |    56 |    83 ||   139
       Searing Ray       |    21 |    14 ||    35
       Slow              |       |     5 ||     5
       Dazzling Spray    |       |     2 ||     2
  Use: Scroll            |     7 |     7 ||    14
       Potion            |       |     4 ||     4
  Eat: Bread ration      |     1 |       ||     1
       Chunk             |     1 |       ||     1
       Meat ration       |       |     1 ||     1
Armor: Robe              |     5 |     5 ||    10
Dodge: Dodged            |    13 |    12 ||    25
